 Dungeon Crawl Stone Soup version 0.28.0 (webtiles) character file.

Game seed: 3063241176602124285

52 horus123 the Covert (level 3, -2/27 HPs)
             Began as a Vampire Brigand on Feb 6, 2022.
             Slain by an adder (4 damage)
             ... on level 2 of the Dungeon.
             The game lasted 00:02:13 (1100 turns).

horus123 the Covert (Vampire Brigand)               Turns: 1100, Time: 00:02:13

Health: -2/27      AC:  2    Str: 10    XL:     3   Next: 60%
Magic:  3/3        EV: 12    Int: 13    God:
Gold:   40         SH:  0    Dex: 23    Spells: 2/2 levels left

rFire   . . .      SeeInvis +   a - +2 dagger
rCold   . . .      Faith    .   (no shield)
rNeg    . . .      Spirit   .   b - +0 robe
rPois   .          Reflect  .   (no helmet)
rElec   .          Harm     .   k - scarf {repulsion}
rCorr   .          Rampage  .   (no gloves)
Will    .....                   (no boots)
Stlth   ++++......              (no amulet)
HPRegen 0.29/turn               h - +6 ring of dexterity
MPRegen 0.08/turn               (no ring)

@: lethally poisoned (-2 -> -4), healing quickly, repel missiles
A: alive, fangs 3, see invisible, vampiric 2
a: Exsanguinate


You were on level 2 of the Dungeon.
You visited 1 branch of the dungeon, and saw 2 of its levels.

You collected 40 gold pieces.

Inventory:

Hand Weapons
 a - a +2 dagger (weapon)
Missiles
 d - 8 poisoned darts
 e - a curare-tipped dart (quivered)
Armour
 b - a +0 robe (worn)
 c - a +0 cloak
 k - a scarf of repulsion (worn)
Jewellery
 h - a +6 ring of dexterity (left hand)
Scrolls
 f - a scroll of acquirement {unknown}
 g - 3 scrolls of identify {unknown}
Potions
 i - 2 potions of cancellation {unknown}
 j - a potion of curing {unknown}


   Skills:
 - Level 1.7 Fighting
 - Level 2.1 Short Blades
 - Level 1.5 Throwing
 - Level 1.1 Dodging
 + Level 8.1 Stealth


You had 2 spell levels left.
You didn't know any spells.
Your spell library contained the following spells:

 Spells                   Type           Power      Damage    Failure   Level
 Animate Skeleton         Necr           0%         N/A       30%         1
 Apportation              Tloc           0%         N/A       30%         1
 Summon Small Mammal      Summ           0%         N/A       30%         1


Dungeon Overview and Level Annotations

Branches:
Dungeon (2/15)

Altars:


Innate Abilities, Weirdness & Mutations

Your natural rate of healing is accelerated.
You have razor-sharp teeth.
You have supernaturally acute eyesight. (SInv)
You are afflicted with vampirism and can become a bat while bloodless.


Message History

You feel sick.
Your Stealth skill increases to level 8!
* * * LOW HITPOINT WARNING * * *
You feel sick.
You feel sick.
You start resting.
You feel sick. x3
An adder is nearby!
An adder is nearby!
You feel sick.
The adder hisses angrily.
You feel sick.
You are no longer poisoned.
The adder barely misses you.
You see here a +0 leather armour.
There is a stone staircase leading up here.
Unknown command.
Throw: 2 darts (curare)
Press: ? - help, Q - select action, (/) - cycle Shift-Dir - straight line, f - adder
Aim: an adder (46% to hit)
You throw a curare-tipped dart.
The curare-tipped dart barely misses the adder.
The adder bites you.
* * * LOW HITPOINT WARNING * * *
You are lethally poisoned!
The adder poisons you! The adder barely misses you.
You closely miss the adder. Your bite misses the adder.
* * * LOW HITPOINT WARNING * * *
You feel sick. The adder barely misses you.
You hit the adder.
The adder is moderately wounded.
The adder barely misses you.
You closely miss the adder.
The adder is moderately wounded.
* * * LOW HITPOINT WARNING * * *
You feel sick. The adder completely misses you.
You miss the adder.
The adder is moderately wounded.
* * * LOW HITPOINT WARNING * * *
You feel sick. The adder bites you.
You die...

#..####.#.##.#.#.#<#.#
#..# ###.##.#...#.#.#
#..# #.##.#####.#.# #..#
#.##.# #.#.# # #..# #.
#.#.##.#### . #..#
#.#........ ..#..# #..
#.#.##.....
..#..######.########.#.#
####
................@S.[..(#
#.#..######.########.#.#
#.##.######.## #.#.#
.............#######+#.#
#.##.........##........#
# #.†.................#
#^........##........#
#.........#####.....#
#.:.......# #.....#


You could see an adder.

Vanquished Creatures
  2 adders (D:2)
  2 dart slugs (D:1)
  4 bats
  2 endoplasms (D:1)
  3 giant cockroaches (D:1)
  4 goblins (D:1)
  3 hobgoblins (D:1)
  A kobold (D:1)
  A quokka (D:1)
  3 ball pythons (D:1)
  3 rats (D:1)
28 creatures vanquished.

Notes
Turn   | Place    | Note
-------+----------+-------------------------------------------
     0 | D:1      | horus123 the Vampire Brigand began the quest for the Orb.
     0 | D:1      | Reached XP level 1. HP: 16/16 MP: 1/1
    43 | D:1      | Reached skill level 6 in Stealth
   112 | D:1      | Reached XP level 2. HP: 22/22 MP: 2/2
   240 | D:1      | Reached skill level 7 in Stealth
   345 | D:1      | Found a faded altar of an unknown god.
   546 | D:1      | Gained mutation: You are afflicted with vampirism and can
                  | become a bat while bloodless. [Vampire growth]
   546 | D:1      | Reached XP level 3. HP: 27/27 MP: 3/3
  1068 | D:2      | Reached skill level 8 in Stealth
  1074 | D:2      | HP: 1/27 [poisoned by an adder]
  1100 | D:2      | Slain by an adder

Illustrated notes

Levels and vault maps discovered:
D:1:      kennysheep_arrival_seaside, layout_basic,
          ebering_ecumenical_altar_ruins
D:2:      layout_basic

Skill      XL: |  1  2  3 |
---------------+----------+-----
Stealth        | 6 7 8 |  8.1
Fighting       | |  1.7
Short Blades   | |  2.1
Throwing       | |  1.5
Dodging        | |  1.1

Action                   || total
-------------------------++-------
Melee: Dagger            ||    72
       Bite              ||     5
Throw: Dart              ||     1
 Stab: Sleeping          ||    12
       Distracted        ||     1
Armor: Robe              ||    15
Dodge: Dodged            ||    38
